 Dungeon Crawl Stone Soup version 0.14.1-9-g552248a (webtiles) character file.

5937 Duskembrace the Cleaver (level 10, -3/84 (88) HPs)
             Began as a Minotaur Berserker on May 24, 2014.
             Was the Champion of Trog.
             Killed from afar by vatarom's ghost (10 damage)
             ... with a blast of negative energy
             ... on Level 10 of the Dungeon.
             The game lasted 00:31:59 (7329 turns).

Duskembrace the Cleaver (Minotaur Berserker)        Turns: 7329, Time: 00:31:59

HP  -3/84 (88)   AC 15     Str 22      XL: 10   Next: 43%
MP   4/4         EV  4     Int  4      God: Trog [******]
Gold 393         SH 17     Dex 14      Spells:  0 memorised,  9 levels left

rFire  . . .     SeeInvis .     l - +2,+0 hand axe (flame) (curse)
rCold  + . .     Clarity  .     x - +0 plate armour
rNeg   + . .     Conserve .     K - +0 shield of the Griffon {+Fly rC+ rN+ Dex+1}
rPois  +         rCorr    .     (helmet restricted)
rElec  .         rRot     .     J - +0 cloak
SustAb . .       Spirit   .     (no gloves)
rMut   .         Warding  .     (no boots)
Saprov . . .     Stasis   .     (no amulet)
MR     .....                    (no ring)
                                i - cursed ring of poison resistance

@: exhausted, slowed, drained, very slow, not resistant to hostile enchantments,
extremely unstealthy
A: retaliatory headbutt, horns 2
a: Burn Spellbooks, Berserk, Trog's Hand, Brothers in Arms, Renounce Religion,
Evoke Flight


You were on level 10 of the Dungeon.
You worshipped Trog.
Trog was exalted by your worship.
You were very hungry.

You visited 1 branch of the dungeon, and saw 10 of its levels.

You collected 393 gold pieces.

Inventory:

Hand weapons
 a - a +0,-3 hand axe
 l - a cursed +2,+0 hand axe of flaming (weapon)
 t - a +0,+2 hand axe of venom
 I - a +3,+1 war axe
 M - a +2,+3 anti-magic executioner's axe
Missiles
 e - 58 darts (quivered)
 n - 13 tomahawks
Armour
 b - a +0 animal skin
 g - a +0 cloak
 h - a +0 ring mail
 m - a +0 chain mail
 s - a +0 chain mail
 u - a +0 scale mail
 x - a +0 plate armour (worn)
 J - a +0 cloak (worn)
 K - the cursed +0 shield of the Griffon (worn) {+Fly rC+ rN+ Dex+1}
   (You found it on level 8 of the Dungeon)

   It affects your dexterity (+1).
   It protects you from cold.
   It protects you from negative energy.
   It lets you fly.
   It has a curse placed upon it.
Magical devices
 p - a wand of hasting (1)
 B - a wand of random effects (11) {unknown}
 G - a wand of paralysis (15) {unknown}
 O - a wand of polymorph (10) {unknown}
Comestibles
 c - 8 bread rations
 f - a meat ration
 D - a chunk of orc flesh
Scrolls
 k - 2 scrolls of teleportation
 q - 2 scrolls of identify
 v - 2 scrolls of remove curse
 w - a scroll of fear {unknown}
 y - 2 scrolls of enchant weapon II {unknown}
 z - a scroll of magic mapping {unknown}
 A - 5 scrolls of immolation {unknown}
 H - a scroll of fog {unknown}
 L - a scroll of enchant armour {unknown}
 P - a scroll of amnesia {unknown}
Jewellery
 i - a cursed ring of poison resistance (left hand)
 j - an uncursed ring of wizardry {unknown}
 r - a cursed ring of teleportation {unknown}
 N - an uncursed ring of positive energy {unknown}
Potions
 d - 3 potions of curing
 o - 2 potions of brilliance
 C - a potion of restore abilities
 E - 2 potions of agility {unknown}
 F - 3 potions of heal wounds {unknown}
 Q - a potion of might {unknown}


   Skills:
 + Level 7.8(6.9) Fighting
 + Level 12.2(11.2) Axes
 + Level 1.0(0.2) Throwing
 + Level 10.1(9.1) Armour
 + Level 7.1(6.2) Dodging
 + Level 1.6(0.8) Shields


You had 9 spell levels left.
You didn't know any spells.

Dungeon Overview and Level Annotations

Branches:
Dungeon (10/15)            Temple (0/1) D:6
    Orc: D:9-12        Lair: D:8-11

Altars:
Dithmenos
Elyvilon
Makhleb
Nemelex Xobeh
Sif Muna
Trog
Xom

Shops:
D:6 %   D:7 ?}

Annotations:
D:5 teukkam's ghost, average SpEn
D:10 vatarom's ghost, experienced DrFE


Innate Abilities, Weirdness & Mutations

You reflexively headbutt those who attack you in melee.
You have a pair of horns on your head.


Message History

Vatarom's ghost stares at you.
You feel cold.
Vatarom's ghost breathes negative energy at you.
The blast of negative energy hits you! You partially resist.
You feel drained.
You see here a hobgoblin corpse.
Vatarom's ghost gestures at you while chanting.
The fireball explodes!
The fireball engulfs you! Vatarom's ghost casts a spell at you.
The fireball explodes!
The fireball engulfs you! Vatarom's ghost casts a spell at you.
The fireball explodes!
The fireball engulfs you!
One of your 3 scrolls of teleportation catches fire!
* * * LOW HITPOINT WARNING * * *
Vatarom's ghost breathes negative energy at you.
The blast of negative energy hits you! You partially resist.
You feel drained.
* * * LOW HITPOINT WARNING * * *
Vatarom's ghost says, "Death is but another step down the path of knowledge."
Vatarom's ghost breathes negative energy at you.
The blast of negative energy hits you! You partially resist.
You feel drained.
You die...

##.##........# ##
#.......##
#.......# #.......#
#####.......###
##.#.#.....[.#.##
#...............#
###............#.##
#....#.#......@###
#....####...)...#
##.### #.......#
### #.......#
#......p#
#.......##
###.....%).######
..............>..
.......).........


You could see vatarom's ghost.

Vanquished Creatures
  Maurice (D:8)
  Grinder (D:3)
  A komodo dragon (D:9)
  A spriggan (D:8)
  A deep elf mage (D:10)
  4 hungry ghosts
  A hippogriff (D:7)
  A phantom (D:4)
  An orc warrior (D:8)
  2 black bears
  2 sky beasts
  A water moccasin (D:5)
  3 centaurs
  3 ogres
  A wyvern zombie (D:6)
  Blork the orc (D:8)
  5 giant frogs
  2 scorpions
  A wyvern skeleton (D:7)
  5 killer bees (D:9)
  4 wights (D:7)
  2 crimson imps
  A goliath beetle (D:7)
  A centaur skeleton (D:9)
  4 hounds
  3 jellies
  A giant frog zombie (D:8)
  7 orc priests
  2 iguanas
  14 orc wizards
  An elf skeleton (D:9)
  11 worker ants
  A killer bee zombie (D:8)
  Ijyb (D:3)
  Jessica (D:3)
  2 mummies
  4 gnolls (D:3)
  A worker ant zombie (D:7)
  2 adders (D:7)
  A shadow imp (D:10)
  5 worms
  An iguana zombie (D:7)
  4 giant eyeballs
  2 giant geckos
  3 oozes
  31 orcs
  12 bats
  4 giant cockroaches
  16 hobgoblins
  10 kobolds
  2 ball pythons
  6 giant newts
  9 goblins
  A hobgoblin skeleton (D:6)
  6 jackals
  3 quokkas
  15 rats
  A ballistomycete (D:7)
233 creatures vanquished.

Vanquished Creatures (others)
  A giant spore (D:7)
1 creature vanquished.

Grand Total: 234 creatures vanquished

Notes
Turn   | Place    | Note
--------------------------------------------------------------
     0 | D:1      | Duskembrace, the Minotaur Berserker, began the quest for the Orb.
     0 | D:1      | Reached XP level 1. HP: 19/19 MP: 1/1
   100 | D:1      | Reached skill level 4 in Axes
   152 | D:1      | Reached XP level 2. HP: 23/26 MP: 1/1
   302 | D:1      | Acquired Trog's second power
   846 | D:2      | Reached skill level 5 in Axes
   846 | D:2      | Reached XP level 3. HP: 29/31 MP: 2/2
  1365 | D:3      | Reached XP level 4. HP: 39/39 MP: 0/2
  1366 | D:3      | Reached skill level 6 in Axes
  1396 | D:3      | Found a shadowy altar of Dithmenos.
  1397 | D:3      | Noticed Jessica
  1400 | D:3      | Killed Jessica
  1451 | D:3      | Noticed Grinder
  1459 | D:3      | Killed Grinder
  1459 | D:3      | Reached skill level 8 in Axes
  1459 | D:3      | Reached XP level 5. HP: 32/45 MP: 2/2
  1459 | D:3      | Reached XP level 6. HP: 36/51 MP: 3/3
  1846 | D:3      | Noticed Ijyb
  1859 | D:3      | Killed Ijyb
  2190 | D:4      | Reached skill level 9 in Axes
  2223 | D:4      | Acquired Trog's third power
  2312 | D:4      | Reached XP level 7. HP: 56/58 MP: 3/3
  2570 | D:5      | Entered Level 5 of the Dungeon
  2570 | D:5      | Found a white marble altar of Elyvilon.
  2622 | D:5      | Found a burning altar of Makhleb.
  2783 | D:5      | Noticed teukkam's ghost (average SpEn)
  3107 | D:5      | Reached XP level 8. HP: 63/67 MP: 3/3
  3144 | D:5      | Reached skill level 5 in Armour
  3351 | D:6      | Reached skill level 5 in Fighting
  3469 | D:6      | Found a staircase to the Ecumenical Temple.
  3551 | D:6      | Found Dutwyonn's Food Shop.
  3563 | D:6      | Paralysed by a giant eyeball for 3 turns
  3570 | D:6      | Paralysed by a giant eyeball for 2 turns
  3661 | D:6      | Reached skill level 5 in Dodging
  4069 | D:7      | Found Cidau's Magic Scroll Boutique.
  4211 | D:7      | Found a shimmering altar of Xom.
  4223 | D:7      | Reached skill level 10 in Axes
  4370 | D:7      | Found a deep blue altar of Sif Muna.
  4650 | D:7      | Found Ozuwaun's Gadget Emporium.
  4689 | D:7      | Reached XP level 9. HP: 58/71 MP: 4/4
  5080 | D:7      | Paralysed by a giant eyeball for 4 turns
  5086 | D:7      | Paralysed by a giant eyeball for 4 turns
  5701 | D:8      | Noticed Blork the orc
  5719 | D:8      | Killed Blork the orc
  5719 | D:8      | Reached skill level 11 in Axes
  5903 | D:8      | Got a heavily runed shield
  5911 | D:8      | Identified the cursed +0 shield of the Griffon {+Fly rC+ rN+ Dex+1} (You found it on level 8 of the Dungeon)
  5973 | D:8      | Noticed Maurice
  6005 | D:8      | Killed Maurice
  6081 | D:8      | Reached XP level 10. HP: 82/82 MP: 4/4
  6184 | D:8      | Reached skill level 1 in Throwing
  6188 | D:8      | Found a sparkling altar of Nemelex Xobeh.
  6324 | D:9      | Found a bloodstained altar of Trog.
  6333 | D:9      | Received a gift from Trog
  6633 | D:9      | Reached skill level 1 in Shields
  6991 | D:9      | Reached skill level 12 in Axes
  7166 | D:10     | Entered Level 10 of the Dungeon
  7257 | D:10     | Reached skill level 10 in Armour
  7321 | D:10     | Noticed vatarom's ghost (experienced DrFE)
  7329 | D:10     | Killed from afar by vatarom's ghost

Action                   |  1- 3 |  4- 6 |  7- 9 | 10-12 || total
-------------------------+-------+-------+-------+-------++-------
Melee: Hand axe          |    91 |   105 |   370 |   124 ||   690
       Battleaxe         |       |       |    47 |       ||    47
Throw: Dart              |       |       |     5 |       ||     5
Invok: Berserk           |     1 |     1 |     5 |     3 ||    10
       Burn Spellbooks   |       |       |     1 |       ||     1
  Use: Scroll            |       |       |     4 |       ||     4
       Potion            |       |       |     3 |       ||     3
